 Dungeon Crawl Stone Soup version 0.26-a0-291-g3d11bbfad5 (webtiles) character file.

Game seed: 11543258970668023

84 ANON1729 the Slasher (level 4, -8/37 HPs)
             Began as a Barachi Gladiator on July 14, 2020.
             Killed by divine providence
             ... invoked by an orc priest
              (13 damage)
             ... on level 3 of the Dungeon.
             The game lasted 00:01:49 (2191 turns).

ANON1729 the Slasher (Barachi Gladiator)            Turns: 2191, Time: 00:01:50

Health: -8/37      AC:  4    Str: 15    XL:     4   Next: 45%
Magic:  4/4        EV: 13    Int:  8    God:
Gold:   155        SH:  0    Dex: 15    Spells: 3/3 levels left

rFire    . . .     SeeInvis .   a - +0 long sword
rCold    . . .     Faith    .   (no shield)
rNeg     . . .     Spirit   .   b - +0 leather armour
rPois    .         Reflect  .   c - +0 helmet
rElec    .         Harm     .   (no cloak)
rCorr    .                      (no gloves)
MR       .....                  (no boots)
Stlth    +.........             (no amulet)
HPRegen  0.12/turn              (no ring)
MPRegen  0.09/turn              (no ring)

@: slow
A: +LOS, swims, slowness 1, strong legs 1
a: Hop


You were on level 3 of the Dungeon.
You visited 1 branch of the dungeon, and saw 3 of its levels.

You collected 155 gold pieces.

Inventory:

Hand Weapons
 a - a +0 long sword (weapon)
Missiles
 d - 3 throwing nets (quivered)
Armour
 b - a +0 leather armour (worn)
 c - a +0 helmet (worn)
Jewellery
 l - an uncursed ring of stealth {unknown}
Scrolls
 e - a scroll of immolation {unknown}
 f - 3 scrolls of enchant weapon {unknown}
 j - 2 scrolls of remove curse {unknown}
 k - 2 scrolls of teleportation {unknown}
 n - a scroll of identify {unknown}
Potions
 g - 2 potions of magic {unknown}
 h - a potion of degeneration {unknown}
 i - a potion of curing {unknown}
 m - a potion of brilliance {unknown}


   Skills:
 * Level 3.7 Fighting
 * Level 4.6 Long Blades
 - Level 2.1 Throwing
 + Level 1.3 Armour
 + Level 3.7 Dodging


You had 3 spell levels left.
You didn't know any spells.
Your spell library was empty.

Dungeon Overview and Level Annotations

Branches:
Dungeon (3/15)

Altars:


Innate Abilities, Weirdness & Mutations

You can be seen from farther away. (+LOS)
You can swim through water.
You cover ground slowly.
You can hop short distances.


Message History

No target in view!
No target in view!
No target in view!
You completely miss something.
You hear something invoke the aid of Beogh against you.
Beogh smites you!
You hear something invoke the aid of Beogh against you.
Something tries to affect you, but you resist.
You barely miss something. Something hits you but does no damage.
You miss something. Something hits you but does no damage.
You hit something. You barely miss something.
You hear something call down the wrath of Beogh upon you.
Beogh smites you!
* * * LOW HITPOINT WARNING * * *
You slash something! You closely miss something.
You hear something invoke the aid of Beogh against you.
Beogh smites you!
You die...

.####.........# .#
#.#######.###.# .#
#.# #....# .# #.#
#.###.# ## #.#
#.†.# # ### #[#.#
#.#.# ##
#######.#.####.....
#.........@........
####......#####.##.
#.####.# #. #.# #
#.# #.# ... ###


There were no monsters in sight!

Vanquished Creatures
  3 adders (D:2)
  2 worms (D:2)
  A dart slug (D:2)
  A leopard gecko (D:1)
  An orc (D:3)
  8 bats
  3 giant cockroaches
  9 goblins
  3 hobgoblins
  3 frilled lizards
  6 kobolds
  6 rats
46 creatures vanquished.

Notes
Turn   | Place    | Note
-------+----------+-------------------------------------------
     0 | D:1      | ANON1729 the Barachi Gladiator began the quest for the Orb.
     0 | D:1      | Reached XP level 1. HP: 17/17 MP: 1/1
   128 | D:1      | Reached XP level 2. HP: 23/23 MP: 2/2
   380 | D:1      | Reached skill level 4 in Long Blades
   723 | D:2      | Reached XP level 3. HP: 20/29 MP: 3/3
   735 | D:2      | Reached skill level 1 in Armour
  1490 | D:2      | Reached XP level 4. HP: 28/35 MP: 4/4
  2191 | D:3      | Killed from afar by an orc priest

Illustrated notes

Levels and vault maps discovered:
D:1:      ncdulo_smallfort, layout_rooms
D:2:      layout_loops_ring, chequers_decorated_corner, minmay_tetromino_o2
D:3:      kennysheep_six_static_rooms, layout_loops_ring,
          chequers_temple_overflow_statue_of_worship, old_standard_altar,
          grunt_temple_overflow_cloverleaf, minmay_ogre_servants, uniq_terence,
          uniq_robin

Skill      XL: |  1  2  3 |
---------------+----------+-----
Long Blades    | 4 |  4.6
Fighting       | 3 |  3.7
Armour         | 1 |  1.3
Throwing       | |  2.1
Dodging        | |  3.7

Action                   |  1- 3 |  4- 6 || total
-------------------------+-------+-------++-------
Melee: Long sword        |   101 |    39 ||   140
Armor: Leather armour    |    44 |     7 ||    51
Dodge: Dodged            |    95 |    20 ||   115
       Rpst.: Long sword |    22 |     4 ||    26

Table legend:
 A = Non-vault XP
 B = Vault XP
 C = Vault XP percentage of total XP
 D = Non-vault monster count
 E = Vault monster count
 F = Vault count percentage of total count
                 A         B        C        D         E       F
            +---------+---------+-------+---------+---------+-------
      Total |     113 |       7 |   5.8 |      44 |       2 |   4.3
            +---------+---------+-------+---------+---------+-------
        D:1 |      31 |       0 |   0.0 |      18 |       0 |   0.0
        D:2 |      75 |       7 |   8.5 |      22 |       2 |   8.3
        D:3 |       7 |       0 |   0.0 |       4 |       0 |   0.0
            +---------+---------+-------+---------+---------+-------
